 Dungeon Crawl Stone Soup version 0.27-a0-1065-ge809cff456 (webtiles) character file.

Game seed: 4403283100228002102

1586 kae the Ruffian (level 8, -4/66 HPs)
             Began as a White Draconian Transmuter on Apr 22, 2021.
             Slain by an ice beast (9 damage)
             ... on level 7 of the Dungeon.
             The game lasted 00:04:56 (9026 turns).

kae the Ruffian (White Draconian Transmuter)        Turns: 9026, Time: 00:04:57

Health: -4/66      AC:  2    Str: 15    XL:     8   Next: 61%
Magic:  11/13      EV: 20    Int: 14    God:
Gold:   1299       SH:  0    Dex: 16    Spells: 1/14 levels left

rFire    . . .     SeeInvis .     - Unarmed
rCold    . . .     Faith    .   (shield currently unavailable)
rNeg     . . .     Spirit   .   (armour unavailable)
rPois    x         Reflect  .   (helmet currently unavailable)
rElec    .         Harm     .   (cloak currently unavailable)
rCorr    .         Rampage  .   (gloves currently unavailable)
Will     .....                  (boots currently unavailable)
Stlth    +.........             (no amulet)
HPRegen  0.21/turn              (no ring)
MPRegen  0.13/turn              (no ring)

@: spider-form
A: venomous fangs, (breathe frost), AC +6, tiny, unfitting armour, (cold
resistance 1), (cold-blooded)
a: End Transformation


You were on level 7 of the Dungeon.
You were a venomous arachnid creature.
You visited 2 branches of the dungeon, and saw 8 of its levels.

You collected 1299 gold pieces.

Inventory:

Missiles
 c - a curare-tipped dart
 t - 5 atropa-tipped darts
Armour
 g - a scarf of resistance (melded)
Jewellery
 f - an amulet of faith
 l - a ring of fire
 p - the ring of Greater Demons {Ice rN+}
   (You found it on level 6 of the Dungeon)

   [ring of ice]

   It enhances your ice magic.
   It makes you vulnerable to fire.
   It protects you from cold.
   It protects you from negative energy.
 w - a ring of see invisible
Wands
 r - a wand of paralysis (9)
 x - a wand of flame (12)
Scrolls
 b - a scroll of enchant armour
 e - a scroll of fog
 k - 2 scrolls of brand weapon
 m - a scroll of immolation
 o - a scroll of teleportation
 s - a scroll of torment {unknown}
 v - a scroll of amnesia {unknown}
Potions
 a - a potion of heal wounds
 d - 3 potions of curing
 h - 2 potions of brilliance {unknown}
 i - a potion of might {unknown}
 j - a potion of resistance {unknown}
 n - 2 potions of flight {unknown}
 q - a potion of berserk rage {unknown}
 u - a potion of haste {unknown}
 z - 2 potions of mutation {unknown}


   Skills:
 + Level 4.0 Fighting
 + Level 3.6 Dodging
 * Level 6.0 Unarmed Combat
 + Level 3.7 Spellcasting
 * Level 5.6 Transmutations
 * Level 4.0 Ice Magic
 - Level 3.0 Poison Magic


You had one spell level left.
You knew the following spells:

 Your Spells              Type           Power      Damage    Failure   Level
a - Beastly Appendage     Tmut           36%        N/A       8%          1
b - Spider Form           Tmut/Pois      7%         N/A       26%         3
c - Ice Form              Ice/Tmut       16%        N/A       47%         4
d - Hydra Form            Tmut           9%         N/A       71%         5

Your spell library contained the following spells:

 Spells                   Type           Power      Damage    Failure   Level
 Foxfire                  Conj/Fire      8%         2x1d4     41%         1
 Sandblast                Erth           4%         2d4       41%         1
 Shock                    Conj/Air       8%         1d3       41%         1
 Wereblood                Tmut           18%        N/A       11%         2
 Passwall                 Tmut/Erth      8%         N/A       24%         2
 Static Discharge         Conj/Air       2%         N/A       52%         2
 Conjure Flame            Conj/Fire      2%         6-21      73%         3
 Inner Flame              Hex/Fire       2%         N/A       73%         3
 Stone Arrow              Conj/Erth      4%         3d7       73%         3
 Swiftness                Air            2%         N/A       73%         3
 Petrify                  Tmut/Erth      10%        N/A       75%         4
 Airstrike                Air            1%         N/A       97%         4
 Sticky Flame             Conj/Fire      2%         2d3       97%         4
 Fireball                 Conj/Fire      1%         3d3       100%        5
 Lee's Rapid Deconstruct  Erth           1%         3d5*      100%        5
 Lightning Bolt           Conj/Air       1%         1d12      100%        5


Dungeon Overview and Level Annotations

Branches:
Dungeon (7/15)             Temple (1/1) D:6

Altars:
Ashenzari
Cheibriados
Dithmenos
Fedhas
Kikubaaqudgha
Makhleb
Okawaru
Vehumet
Wu Jian
Xom
Yredelemnul
Zin
The Shining One

Shops:
D:2 (   D:3 (

Annotations:
D:3 2 runed translucent doors, lollipopguild's ghost, amateur MiFi


Innate Abilities, Weirdness & Mutations

You are a venomous arachnid creature.
You have poisonous fangs.
You are tiny and dextrous.
Your spellcasting is less reliable in this form.
Your armour is entirely melded.
You are incapable of wielding weapons or throwing items.
((You can breathe waves of freezing cold which knock back foes.))
((Your icy white scales are hard. (AC +6)))
You cannot fit into any form of body armour.
((Your flesh is cold resistant. (rC+)))
((You are cold-blooded and may be slowed by cold attacks.))


Message History

You feel hot and cold all over. The ice beast misses you.
You barely miss the ice beast. The ice beast barely misses you.
You hit the ice beast.
The ice beast is lightly wounded.
The ice beast closely misses you.
You bite the ice beast!
The ice beast is moderately wounded.
The ice beast hits you. The ice beast freezes you!
You hit the ice beast but do no damage.
The ice beast is moderately wounded.
The ice beast hits you. The ice beast freezes you!
You hit the ice beast but do no damage.
The ice beast is poisoned.
The ice beast is moderately wounded.
You hit the ice beast but do no damage.
The ice beast is moderately wounded.
The ice beast closely misses you.
You barely miss the ice beast.
The ice beast is moderately wounded.
The ice beast hits you but does no damage.
You barely miss the ice beast.
The ice beast is moderately wounded.
The ice beast hits you. The ice beast freezes you.
You are too injured to fight recklessly!
You are too injured to fight recklessly!
You barely miss the ice beast.
The ice beast is moderately wounded.
The ice beast hits you. The ice beast freezes you!
You hit the ice beast.
The ice beast is severely wounded.
The ice beast hits you.
* * * LOW HITPOINT WARNING * * *
The ice beast freezes you!
* * * LOW HITPOINT WARNING * * *
You hit the ice beast.
The ice beast is severely wounded.
The ice beast hits you.
* * * LOW HITPOINT WARNING * * *
The ice beast freezes you!
You die...

#. ### #. #..
#. #.# #. #.#
#. #.# #> #.#
#Y#####.#
#.s.....##
#######..#
##.## #...#
##.#.##
###########
##..#..##
#.........#
##..###..##
#.#######.#
##..##.##..##
#.#### #.#
##..##...##..##


You could see an ice beast (very poisoned).

Vanquished Creatures
  Sigmund (D:6)
  An orc warrior (D:7)
  An ogre (D:5)
  A centaur (D:6)
  2 phantoms
  A kobold brigand (D:6)
  Blork the orc (D:6)
  2 scorpions
  2 water moccasin zombies
  A wyvern skeleton (D:6)
  2 orc priests
  6 iguanas
  A bullfrog skeleton (D:5)
  4 hounds (D:4)
  3 orc wizards
  A hound zombie (D:5)
  6 adders
  A white imp (D:6)
  A worm (D:2)
  2 dart slugs
  14 orcs
  4 bats
  6 endoplasms
  5 giant cockroaches
  5 hobgoblins
  4 jackals (D:1)
  9 kobolds
  2 quokkas (D:1)
  9 ball pythons
  6 frilled lizards
  6 goblins
  5 rats
115 creatures vanquished.

Notes
Turn   | Place    | Note
-------+----------+-------------------------------------------
     0 | D:1      | kae the Draconian Transmuter began the quest for the Orb.
     0 | D:1      | Reached XP level 1. HP: 16/16 MP: 3/3
   180 | D:1      | Reached XP level 2. HP: 17/23 MP: 3/5
   875 | D:1      | Reached XP level 3. HP: 20/28 MP: 4/6
   881 | D:1      | Learned a level 3 spell: Spider Form
  1133 | D:1      | You fall into a shaft and drop 1 floor!
  1186 | D:2      | Found Unufail's Antique Weapon Shop.
  2095 | D:3      | Found Vithedar's Weapon Shop.
  2118 | D:3      | Reached skill level 1 in Poison Magic
  2118 | D:3      | Reached XP level 4. HP: 14/36 MP: 7/7
  2340 | D:3      | Found an iron altar of Okawaru.
  2799 | D:3      | Found a large runed translucent door.
  2799 | D:3      | Found a large runed translucent door.
  2805 | D:3      | Noticed lollipopguild's ghost (amateur MiFi)
  3581 | D:4      | Reached XP level 5. HP: 40/41 MP: 4/8
  3665 | D:4      | Reached skill level 4 in Unarmed Combat
  4072 | D:4      | Found a shimmering altar of Xom.
  4468 | D:5      | Entered Level 5 of the Dungeon
  4470 | D:5      | Identified a scroll of acquirement
  4470 | D:5      | Acquired 844 gold pieces
  4491 | D:4      | Reached XP level 6. HP: 44/49 MP: 5/9
  5201 | D:5      | Your scales start taking on an icy white colour.
  5201 | D:5      | Reached XP level 7. HP: 26/56 MP: 8/11
  5201 | D:5      | Gained mutation: Your flesh is cold resistant. (rC+) [White
                  | Draconian growth]
  5595 | D:5      | HP: 2/56 [phantom (5)]
  6112 | D:5      | Learned a level 4 spell: Ice Form
  6132 | D:6      | Identified the ring of Greater Demons {Ice rN+}
  6527 | D:6      | Reached skill level 5 in Unarmed Combat
  6527 | D:6      | Reached skill level 1 in Ice Magic
  7373 | D:6      | Noticed Blork the orc
  7384 | D:6      | Killed Blork the orc
  7385 | D:6      | Reached XP level 8. HP: 58/63 MP: 5/13
  7449 | D:6      | Found a staircase to the Ecumenical Temple.
  7490 | D:6      | Found an ancient bone altar of Kikubaaqudgha.
  7490 | D:6      | Noticed Sigmund
  7500 | D:6      | Killed Sigmund
  7501 | D:6      | Reached skill level 5 in Transmutations
  7693 | Temple   | Entered the Ecumenical Temple
  8557 | D:6      | Learned a level 5 spell: Hydra Form
  8603 | D:7      | Reached skill level 6 in Unarmed Combat
  8943 | D:7      | Found a glowing golden altar of the Shining One.
  9026 | D:7      | Slain by an ice beast

Illustrated notes

Levels and vault maps discovered:
D:1:      arrival_zaba_pyramid, layout_loops_ring, serial_shops, shop,
          minmay_misc_feat_doors, minmay_3d_cube
D:2:      layout_loops_ring, serial_shops,
          nicolae_shop_temple_entry_statues_fountains
D:3:      layout_loops_corners, old_standard_altar, serial_shops,
          nicolae_shop_waterfront, ebering_ghost_disaster_area
D:4:      layout_loops_ring, xom_teletrap_fun, minmay_diced_spiral
D:5:      layout_basic
D:6:      layout_gridville, kiku_gazebo_pond_becter,
          minmay_temple_entry_statues_pillars, uniq_sigmund, uniq_blork_the_orc
D:7:      layout_basic, nicolae_elyvilon_temple_path, tso_metal_star,
          nicolae_ru_great_annihilating_truth, nicolae_qazlal_general_emergency,
          uniq_harold
Temple:   compressed_dpeg_triangle_lava_temple

Skill      XL: |  1  2  3  4  5  6  7  8 |
---------------+-------------------------+-----
Dodging        | 2 3 |  3.6
Poison Magic   | 1 2 3 |  3.0
Transmutations | 3 4 5 |  5.6
Fighting       | 2 3 4 |  4.0
Unarmed Combat | 4 5 6 |  6.0
Spellcasting   | 3 |  3.7
Ice Magic      | 2 4 |  4.0

Action                   |  1- 3 |  4- 6 |  7- 9 || total
-------------------------+-------+-------+-------++-------
Melee: Unarmed           |   134 |   120 |   171 ||   425
       Kick              |    17 |     9 |       ||    26
       Tailslap          |    12 |     9 |       ||    21
       Headbutt          |     7 |     3 |       ||    10
       Punch             |     1 |     1 |       ||     2
Throw: Dart              |       |       |     1 ||     1
 Cast: Beastly Appendage |    26 |    16 |       ||    42
       Spider Form       |       |    10 |    13 ||    23
       Ice Form          |       |       |     3 ||     3
 Abil: Breathe Frost     |       |       |     3 ||     3
  Use: Scroll            |     5 |     5 |     1 ||    11
       Potion            |       |       |     2 ||     2
 Stab: Sleeping          |     1 |       |       ||     1
Armor: Skin              |    52 |    20 |    31 ||   103
Dodge: Dodged            |    96 |    90 |   110 ||   296

Table legend: (Time is in decaauts)
 A = Elapsed time spent in this place.
 B = Non-inter-level travel time spent in this place.
 C = Inter-level travel time spent in this place.
 D = Time resting spent in this place.
 E = Time spent auto-exploring this place.
 F = Levels seen in this place.
 G = Mean time per level.
                   A        B        C        D        E       F      G
               +--------+--------+--------+--------+--------+-----+--------+
         Total |   9003 |   8818 |    185 |    315 |   7553 |   8 | 1125.4 |
       Dungeon |   8766 |   8590 |    176 |    315 |   7324 |   7 | 1252.3 |
        Temple |    237 |    229 |      8 |      0 |    229 |   1 |  237.0 |
               +--------+--------+--------+--------+--------+-----+--------+

Top non-repeatable levels by time:
     D:6: 2044 daAuts
     D:5: 1560 daAuts
     D:3: 1345 daAuts
     D:1: 1128 daAuts
     D:4: 1092 daAuts
     D:2: 944 daAuts
     D:7: 649 daAuts
  Temple: 237 daAuts
